 Seeded DCSS version 0.30.1-4-g462c640d31 (webtiles) character file.

Game seed: 6351066067085065685 (custom seed)

105 Esekla the Grave Robber (level 4, -3/24 HPs)
             Began as a Deep Elf Necromancer on Aug 31, 2023.
             Was a Follower of Vehumet.
             Slain by a black bear (10 damage)
             ... on level 2 of the Dungeon.
             The game lasted 00:15:13 (1978 turns).

Esekla the Grave Robber (Deep Elf Necromancer)      Turns: 1978, Time: 00:15:13

Health: -3/24      AC:  4    Str:  5    XL:     4   Next: 54%
Magic:  2/11       EV: 13    Int: 22    God:    Vehumet [*.....]
Gold:   167        SH:  0    Dex: 15    Spells: 2/10 levels left

rFire   . . .        a - +1 short sword (freeze)
rCold   . . .        (no shield)
rNeg    . . .        m - +0 robe
rPois   .            k - +0 helmet
rElec   .            (no cloak)
rCorr   .            c - +0 pair of gloves
SInv    .            (no boots)
Will    .....        (no amulet)
Stlth   ++           (no ring)
HPRegen 0.24/turn    (no ring)
MPRegen 0.12/turn

%: no passive effects
@: no status effects
A: no striking features
a: Renounce Religion


You were on level 2 of the Dungeon.
You worshipped Vehumet.
Vehumet was aware of your devotion.
You visited 1 branch of the dungeon, and saw 4 of its levels.

You collected 167 gold pieces.

Inventory:

Hand Weapons
 a - a +1 short sword of freezing (weapon)
 r - a +0 spear
 s - the +5 rapier of the Hero {heavy, rN+ Dex+3}
   (You found it on level 3 of the Dungeon)

   Dex:       It affects your dexterity (+3).
   rN:        It protects you from negative energy.
Missiles
 v - 9 poisoned darts
Armour
 c - a +0 pair of gloves (worn)
 k - a +0 helmet (worn)
 m - a +0 robe (worn)
Wands
 i - a wand of roots (7)
Scrolls
 f - 3 scrolls of identify {unknown}
 n - a scroll of enchant armour {unknown}
 o - a scroll of amnesia {unknown}
 p - a scroll of immolation {unknown}
 q - a scroll of blinking {unknown}
 t - a scroll of fog {unknown}
Potions
 b - a potion of magic
 d - a potion of ambrosia {unknown}
 e - 2 potions of attraction {unknown}
 g - a potion of heal wounds {unknown}
 h - a potion of haste {unknown}
 j - 2 potions of curing {unknown}
 l - a potion of mutation {unknown}
 u - 2 potions of brilliance {unknown}


   Skills:
 + Level 1.5 Short Blades
 * Level 3.5 Dodging
 + Level 3.3 Stealth
 * Level 3.8 Spellcasting
 * Level 5.3 Necromancy
 * Level 0.7 Translocations
 + Level 0.1 Evocations


You had 2 spell levels left.
You knew the following spells:

 Your Spells              Type           Power      Damage    Failure   Level
a - Sandblast             Erth           8%         2d5       12%         1
b - Necrotise             Necr           100%       1d9       1%          1
d - Vampiric Draining     Necr           27%        2d7       3%          3
t - Teleport Other        Tloc           7%         N/A       24%         3

Your spell library contained the following spells:

 Spells                   Type           Power      Damage    Failure   Level
 Lesser Beckoning         Tloc           14%        N/A       12%         2
 Animate Dead             Necr           27%        N/A       13%         4
 Gell's Gravitas          Tloc           7%         N/A       24%         3
 Agony                    Necr           27%        N/A       34%         5


Dungeon Overview and Level Annotations

Branches:
Dungeon (4/15)
 Temple: D:4-7

Altars:
Okawaru
Vehumet
Zin

Shops:
D:2 =


Message History

Confirm with . or Enter, or press ? or * to list all spells.
The spell is quite dangerous to miscast (3% risk of failure)!
Continue anyway?
Aiming: Vampiric Draining (quite dangerous; 3% risk of failure)
Press: ? - help, Shift-Dir - straight line, f - black bear
Aim: a black bear You draw life force from the black bear!
You feel life coursing into your body.
The black bear bites you but does no damage.
The black bear closely misses you. The black bear claws you.
You hit the black bear. You freeze the black bear.
The black bear is heavily wounded.
The black bear bites you. The black bear claws you. x2
Casting: Vampiric Draining (quite dangerous; 3% risk of failure)
Confirm with . or Enter, or press ? or * to list all spells.
The spell is quite dangerous to miscast (3% risk of failure)!
Continue anyway?
Aiming: Vampiric Draining (quite dangerous; 3% risk of failure)
Press: ? - help, Shift-Dir - straight line, f/p - black bear
Aim: a black bear (heavily wounded)
You draw life force from the black bear.
You feel life coursing into your body.
The black bear goes berserk!
Casting: Vampiric Draining (quite dangerous; 3% risk of failure)
Confirm with . or Enter, or press ? or * to list all spells.
The spell is quite dangerous to miscast (3% risk of failure)!
Continue anyway?
Aiming: Vampiric Draining (quite dangerous; 3% risk of failure)
Press: ? - help, Shift-Dir - straight line, f/p - black bear
Aim: a black bear (severely wounded, berserk)
You draw life force from the black bear!
You feel life coursing into your body. The black bear bites you.
The black bear claws you. x2
Casting: Vampiric Draining (quite dangerous; 3% risk of failure)
Confirm with . or Enter, or press ? or * to list all spells.
You don't have enough magic to cast this spell.
Unknown command.
You closely miss the black bear. You punch the black bear.
The black bear is almost dead.
The black bear misses you. The black bear closely misses you.
The black bear claws you.
* * * LOW HITPOINT WARNING * * *
The black bear bites you!
You die...

............ #.#
#.#...####..# #.#
#.##........# #.#
#.##..#####.# #.#
#.##..#####.### #.#
#.##<)........# #.#
..##........).# ########.#
#.##.######.#.####.$........#
...#............@h.##########
##.########.#.###### 8#....#
#.#.# .###8.#####.#.#
...+........#.#
.###8.#.#####.# 8#......# #.#
##.....## #.# ....####


You could see a black bear (berserk).

Vanquished Creatures
  An iguana (D:2)
  3 gnolls
  An adder (D:2)
  A dart slug (D:1)
  4 endoplasms
  7 goblins
  3 hobgoblins
  A quokka (D:1)
  6 ball pythons
  4 bats
  4 frilled lizards
  5 kobolds
  A rat (D:2)
41 creatures vanquished.

Notes
Turn   | Place    | Note
-------+----------+-------------------------------------------
     0 | D:1      | Esekla the Deep Elf Necromancer began the quest for the
                  | Orb.
     0 | D:1      | Reached XP level 1. HP: 10/10 MP: 6/6
   217 | D:2      | Found Renulab's Jewellery Shop.
   544 | D:4      | Found a radiant altar of Vehumet.
   558 | D:4      | Found an iron altar of Okawaru.
   569 | D:4      | Found a glowing silver altar of Zin.
   650 | D:4      | Became a worshipper of Vehumet
   772 | D:3      | Reached skill level 5 in Necromancy
   988 | D:3      | Reached XP level 2. HP: 15/15 MP: 8/8
  1157 | D:3      | Identified the +5 rapier of the Hero {heavy, rN+ Dex+3}
  1400 | D:1      | Reached XP level 3. HP: 17/19 MP: 10/10
  1413 | D:1      | Learned a level 3 spell: Vampiric Draining
  1431 | D:1      | Reached * piety under Vehumet
  1431 | D:1      | Offered knowledge of Sandblast by Vehumet.
  1449 | D:1      | Learned a level 3 spell: Teleport Other
  1451 | D:1      | Learned a level 1 spell: Sandblast
  1829 | D:1      | Reached XP level 4. HP: 24/24 MP: 11/11
  1833 | D:2      | Reached skill level 1 in Short Blades
  1920 | D:2      | Found a faded altar of an unknown god.
  1952 | D:2      | Noticed a black bear
  1978 | D:2      | Slain by a black bear

Illustrated notes

Levels and vault maps discovered:
D:1:      sevenhm_arrival_forest_fort_small_3, layout_rooms,
          chequers_serial_rivers_room_b, minmay_misc_feat_five
D:2:      layout_loops_ring, dreamdust_ecumenical_altar_angels_and_demons,
          serial_shops, shop
D:3:      layout_basic, grunt_temple_overflow_open, minmay_misc_feat_iff
D:4:      layout_basic, nicolae_overflow_quartered_altars, serial_shops,
          nicolae_diamond_shop

Skill      XL: |  1  2  3  4 |
---------------+-------------+-----
Necromancy     | 5 |  5.3
Dodging        | 3 |  3.5
Stealth        | 3 |  3.3
Short Blades   | 1 |  1.5
Spellcasting   | |  3.8
Translocations | |  0.7
Evocations     | |  0.1

Action                     |  1- 3 |  4- 6 || total
---------------------------+-------+-------++-------
  Melee: Short sword       |    99 |     6 ||   105
         Unarmed           |     9 |       ||     9
         Punch             |     1 |     1 ||     2
   Cast: Vampiric Draining |     3 |     6 ||     9
  Evoke: Wand              |     2 |       ||     2
    Use: Scroll            |     1 |       ||     1
   Stab: Sleeping          |     7 |       ||     7
 Armour: Robe              |    40 |     3 ||    43
  Dodge: Dodged            |    78 |     7 ||    85
